 Dungeon Crawl Stone Soup version 0.26-a0-668-gd58323b419 (webtiles) character file.

Game seed: 17014250967591354716

11596 somkeydreadnuts the Geomancer (level 11, -2/54 HPs)
             Began as a Gargoyle Earth Elementalist on Oct 18, 2020.
             Was an Initiate of Gozag.
             Slain by a boulder beetle (13 damage)
             ... on level 12 of the Dungeon.
             The game lasted 01:32:04 (13520 turns).

somkeydreadnuts the Geomancer (GrEE)               Turns: 13520, Time: 01:32:05

Health: -2/54      AC: 17    Str: 12    XL:     11   Next: 80%
Magic:  11/17      EV: 17    Int: 19    God:    Gozag
Gold:   1303       SH:  0    Dex: 10    Spells: 8/19 levels left

rFire    . . .     SeeInvis +   t - +8 autumn katana {vorpal, Clar}
rCold    . . .     Faith    .   (no shield)
rNeg     + + .     Spirit   .   c - +0 robe
rPois    ∞         Reflect  .   l - +2 helmet {SInv}
rElec    +         Harm     .   g - +2 cloak
rCorr    .         Rampage  .   O - +0 pair of gloves of the Kangaroo {MR+} (curse)
MR       +....     Clarity  +   (no boots)
Stlth    ++........             D - amulet "Keog" {Acrobat +Inv rElec}
HPRegen  0.18/turn              z - ring of positive energy
MPRegen  0.15/turn              F - +4 ring of evasion

@: invisible
A: negative energy resistance 1, electricity resistance, unbreathing,
petrification resistance, rot immunity, AC +8
a: Potion Petition, Call Merchant, Bribe Branch, Renounce Religion


You were on level 12 of the Dungeon.
You worshipped Gozag.
Gozag was most pleased with you.
You visited 2 branches of the dungeon, and saw 13 of its levels.

You collected 2045 gold pieces.
You spent 676 gold pieces at shops.
You paid 66 gold pieces to Gozag.

Inventory:

Hand Weapons
 d - a +3 vampiric short sword
 o - a +3 short sword of venom
 t - the +8 autumn katana (weapon) {vorpal, Clar}
   (You took it off an orc on level 4 of the Dungeon)

   It inflicts extra damage upon your enemies.
   It protects you against confusion.
 L - a +2 shortbow of freezing
Missiles
 b - 198 stones (quivered)
 M - 88 arrows
 N - 2 silver boomerangs
Armour
 a - a +1 hat
 c - a +0 robe (worn)
 g - a +2 cloak (worn)
 l - a +2 helmet of see invisible (worn)
 n - a +0 pair of gloves
 O - the cursed +0 pair of gloves of the Kangaroo (worn) {MR+}
   (You found it on level 12 of the Dungeon)

   It affects your resistance to hostile enchantments.
   It has a curse placed upon it.
Jewellery
 z - a ring of positive energy (left hand)
 D - the amulet "Keog" (around neck) {Acrobat +Inv rElec}
   (You acquired it on level 6 of the Dungeon)

   [amulet of the acrobat]

   It helps you evade while moving and waiting.
   It insulates you from electricity.
   It lets you turn invisible.
 F - a +4 ring of evasion (right hand)
 G - an uncursed amulet of reflection
 J - an uncursed ring of positive energy
Wands
 h - a wand of iceblast (6)
 q - a wand of flame (11)
 v - a wand of enslavement (10)
 w - a wand of digging (12)
 I - a wand of paralysis (29)
Scrolls
 e - 11 scrolls of identify
 f - 6 scrolls of teleportation
 k - 4 scrolls of blinking
 m - 5 scrolls of enchant weapon
 s - 9 scrolls of remove curse
 y - 2 scrolls of enchant armour
 C - a scroll of magic mapping
 K - 2 scrolls of amnesia
Potions
 i - a potion of invisibility
 j - a potion of haste
 p - 3 potions of lignification
 r - a potion of cancellation
 u - 8 potions of curing
 x - a potion of mutation {unknown}
 B - a potion of berserk rage {unknown}
 E - a potion of brilliance {unknown}
 H - 3 potions of flight {unknown}


   Skills:
 - Level 1.3(3.1) Short Blades
 - Level 4.3(4.5) Long Blades
 - Level 4.7 Dodging
 - Level 2.5 Stealth
 - Level 4.6 Spellcasting
 - Level 2.6 Conjurations
 - Level 4.0 Transmutations
 - Level 12.0 Earth Magic
 * Level 10.5 Evocations


You had 8 spell levels left.
You knew the following spells:

 Your Spells              Type           Power        Failure   Level
a - Sandblast             Erth           ######       1%          1
b - Passwall              Tmut/Erth      #####...     1%          2
c - Stone Arrow           Conj/Erth      ####..       1%          3
d - Lee's Rapid Deconstr  Erth           ######....   2%          5

Your spell library contained the following spells:

 Spells                   Type           Power        Failure   Level
 Petrify                  Tmut/Erth      #####...     4%          4
 Apportation              Tloc           #.....       13%         1
 Corona                   Hex            #......      13%         1
 Freeze                   Ice            #...         13%         1
 Ensorcelled Hibernation  Hex/Ice        #.....       21%         2
 Poisonous Vapours        Pois/Air       #.....       21%         2
 Conjure Flame            Conj/Fire      #.......     22%         3
 Dazzling Flash           Conj/Hex       #.....       22%         3
 Mephitic Cloud           Conj/Pois/Air  #.......     26%         3
 Confusing Touch          Hex            #.......     36%         3
 Frozen Ramparts          Ice            #.....       36%         3
 Gell's Gravitas          Tloc           #.........   36%         3
 Lesser Beckoning         Tloc           #.........   36%         3
 Ozocubu's Armour         Ice            #.......     36%         3
 Tukima's Dance           Hex            #.......     36%         3
 Bolt of Magma            Conj/Fire/Erth ###.......   43%         5
 Hailstorm                Conj/Ice       #.......     58%         4
 Iron Shot                Conj/Erth      ####......   67%         6
 Iskenderun's Battlesphe  Conj           ##......     75%         5
 Summon Ice Beast         Ice/Summ       #.......     78%         4
 Alistair's Intoxication  Tmut/Pois      ##.......    83%         5
 Yara's Violent Unravell  Hex/Tmut       ##........   83%         5
 Metabolic Englaciation   Hex/Ice        #.........   98%         5
 Freezing Cloud           Conj/Ice/Air   #.........   100%        6
 Invisibility             Hex            #.......     100%        6
 Orb of Destruction       Conj           ##........   100%        7
 Spellforged Servitor     Conj/Summ      #.........   100%        7


Dungeon Overview and Level Annotations

Branches:
Dungeon (12/15)            Temple (1/1) D:5            Lair (0/6) D:11
    Orc (0/2) D:10

Altars:
Ashenzari
Cheibriados
Elyvilon
Fedhas
Gozag
Hepliaklqana
Nemelex Xobeh
Okawaru
Qazlal
Ru
Sif Muna
Trog
Uskayaw
Vehumet
Wu Jian
Xom
Yredelemnul
Zin
The Shining One

Shops:
D:5 (   D:6 ?


Innate Abilities, Weirdness & Mutations

You are resistant to torment.
Your stone body is resilient. (AC +8)
You are immune to poison.
You resist negative energy. (rN+)
You are resistant to electric shocks. (rElec)
You can survive without breathing.
You are immune to petrification.
You are immune to rotting.


Message History

Aim: a boulder beetle (lightly wounded)
The blast of sand hits the boulder beetle.
The boulder beetle is lightly wounded.
b - 199 stones The boulder beetle bites you.
Casting: Sandblast (safe; 1% risk of failure)
Confirm with . or Enter, or press ? or * to list all spells.
Aiming: Sandblast (safe; 1% risk of failure)
Press: ? - help, Shift-Dir - straight line, f/p - boulder beetle
Aim: a boulder beetle (lightly wounded)
The blast of sand hits the boulder beetle.
The boulder beetle is lightly wounded.
b - 198 stones The boulder beetle bites you!
* * * LOW HITPOINT WARNING * * *
Okay, then.
You fade into invisibility!
The boulder beetle bites you!
You die...
Your body crumbles into a pile of gold.

......|....,,,,,,,,,,,,,,,,,#....
...........,,,,,,,,,,,,,,,,,#....
.........,,,,,,,,,,,,,,,,,,,#....
.......,,,,,,,,,,,,,,,,,,,,,#....
.....#******#################....
D..<.#***#**#.............[......
...$.#*,,...#..................##
.....#*,,...'...###............#
.....#*,,,,,#..B@.............[#*
######**,,,,#....................
,,,,,,,*,,,,###############'##...
,,,,,,,*,,,,,,,,,,*,,,,,*#...#.##
,,,,,,,*,,,,,,,,,,+,,,,,*#...#.#
******,*,,,,,,,,,,*,,,,,*#...#.#
,,,,,,,*,,,,,,,,,,*,,,,,*#...#.#
,,,,,,,*,,,,,,,,,^*,,,,,*#.^.#.#*
,,,,,,,*****,*************,***,,,


You could see a boulder beetle.

Vanquished Creatures
  A boulder beetle (D:11)
  An unseen horror (D:11)
  An ugly thing (D:12)
  A manticore (D:11)
  A komodo dragon (D:11)
  A troll (D:7)
  Grinder (D:3)
  Sigmund (D:5)
  A vampire (D:9)
  A wyvern (D:11)
  14 yaks
  4 water moccasins
  2 sky beasts
  2 black bears
  9 orc warriors
  An ice beast (D:5)
  A phantom (D:11)
  An eye of draining (D:12)
  A necrophage (D:7)
  3 centaurs
  7 ogres
  3 big kobolds
  17 bullfrogs
  5 scorpions
  10 killer bees
  3 wights (D:12)
  A quasit (D:5)
  A centaur skeleton (D:12)
  3 hounds
  4 jellies
  2 orc priests
  18 orc wizards
  2 bullfrog skeletons
  5 iguanas
  Jessica (D:2)
  Terence (D:2)
  4 worker ants
  Natasha (thrice) (D:2)
  2 hound zombies
  13 adders
  A shadow imp (D:7)
  5 white imps
  3 ufetubi
  3 oozes
  2 adder skeletons (D:5)
  A worm (D:2)
  A dart slug (D:2)
  8 leopard geckos
  45 orcs
  6 giant cockroaches
  2 goblins
  8 hobgoblins
  6 jackals
  4 quokkas
  A ball python (D:5)
  5 bats
  2 frilled lizards
  A jackal zombie (D:8)
  38 kobolds
  2 leopard gecko skeletons
  8 rats
305 creatures vanquished.

Vanquished Creatures (others)
  20 fungi (D:11)
  52 plants
72 creatures vanquished.

Grand Total: 377 creatures vanquished

Notes
Turn   | Place    | Note
-------+----------+-------------------------------------------
     0 | D:1      | somkeydreadnuts the Gargoyle Earth Elementalist began the
                  | quest for the Orb.
     0 | D:1      | Reached XP level 1. HP: 10/10 MP: 3/3
   166 | D:1      | Reached skill level 4 in Earth Magic
   177 | D:1      | Reached XP level 2. HP: 13/15 MP: 0/5
   652 | D:2      | Reached XP level 3. HP: 16/19 MP: 1/6
   912 | D:2      | Noticed Terence
   926 | D:2      | Killed Terence
   926 | D:2      | Reached XP level 4. HP: 15/24 MP: 0/8
  1085 | D:2      | Noticed Natasha
  1097 | D:2      | Noticed Jessica
  1100 | D:2      | Killed Natasha
  1100 | D:2      | Reached XP level 5. HP: 25/28 MP: 9/9
  1113 | D:2      | Killed Jessica
  1113 | D:2      | Reached skill level 5 in Earth Magic
  1549 | D:2      | Noticed Natasha
  1566 | D:2      | Killed Natasha
  1566 | D:2      | Reached skill level 1 in Short Blades
  1648 | D:2      | Noticed Natasha
  1661 | D:2      | Killed Natasha
  2028 | D:3      | Reached XP level 6. HP: 32/32 MP: 9/11
  2313 | D:3      | Noticed Grinder
  2335 | D:3      | Killed Grinder
  2335 | D:3      | Reached XP level 7. HP: 36/36 MP: 10/13
  2844 | D:4      | Found a blossoming altar of Fedhas.
  2846 | D:4      | Found a stormy altar of Qazlal.
  2860 | D:4      | Reached skill level 6 in Earth Magic
  2903 | D:4      | Learned a level 2 spell: Passwall
  3198 | D:4      | Found a white marble altar of Elyvilon.
  3489 | D:4      | Found a shimmering blue altar of Sif Muna.
  3607 | D:5      | Entered Level 5 of the Dungeon
  3611 | D:5      | Reached skill level 1 in Long Blades
  3611 | D:5      | Reached skill level 7 in Earth Magic
  3611 | D:5      | Reached XP level 8. HP: 41/41 MP: 12/14
  3687 | D:5      | Reached skill level 1 in Transmutations
  4360 | D:5      | Noticed Sigmund
  4366 | D:5      | Killed Sigmund
  4366 | D:5      | Reached skill level 8 in Earth Magic
  4457 | D:5      | Learned a level 3 spell: Stone Arrow
  4486 | D:5      | Found Zublunw Voedgh's Weapon Boutique.
  4497 | D:5      | Found a staircase to the Ecumenical Temple.
  4514 | Temple   | Entered the Ecumenical Temple
  4527 | Temple   | Became a worshipper of Gozag Ym Sagoz the Greedy
  5579 | D:6      | Reached XP level 9. HP: 41/45 MP: 15/15
  5610 | D:6      | Found a snail-covered altar of Cheibriados.
  5694 | D:6      | Reached skill level 9 in Earth Magic
  5703 | D:6      | Learned a level 5 spell: Lee's Rapid Deconstruction
  6122 | D:6      | Found an ornate altar of the Wu Jian Council.
  6259 | D:6      | Found Ituudgh's Magic Scroll Boutique.
  6398 | D:7      | Reached skill level 10 in Earth Magic
  7001 | D:7      | Reached skill level 11 in Earth Magic
  7438 | D:7      | Noticed a troll
  7444 | D:7      | Killed a troll
  7444 | D:7      | Reached skill level 12 in Earth Magic
  8037 | D:6      | Bought a scroll of acquirement for 676 gold pieces
  8053 | D:6      | Acquired the amulet "Keog" {Acrobat +Inv rElec}
  8273 | D:8      | Found a basalt altar of Yredelemnul.
  8321 | D:8      | Reached skill level 1 in Conjurations
  8366 | D:8      | Found a white marble altar of Elyvilon.
  8455 | D:8      | Reached XP level 10. HP: 42/50 MP: 7/16
  8986 | D:8      | Found a hide-covered altar of Uskayaw.
  8986 | D:8      | Found a glowing golden altar of the Shining One.
  9458 | D:9      | Found a hazy altar of Hepliaklqana.
 10225 | D:10     | Entered Level 10 of the Dungeon
 10275 | D:10     | Reached skill level 1 in Evocations
 10713 | D:10     | Reached skill level 5 in Evocations
 11146 | D:10     | Found a staircase to the Orcish Mines.
 11531 | D:11     | Found a staircase to the Lair.
 11557 | D:11     | Reached XP level 11. HP: 54/54 MP: 14/17
 11939 | D:11     | Noticed an unseen horror
 11966 | D:11     | Killed an unseen horror
 12191 | D:11     | Noticed a manticore
 12200 | D:11     | Killed a manticore
 12370 | D:11     | Noticed a boulder beetle
 12390 | D:11     | Killed a boulder beetle
 12916 | D:12     | Noticed a seven-headed hydra
 13103 | D:12     | Got a pair of dazzling gloves
 13118 | D:12     | Identified the cursed +0 pair of gloves of the Kangaroo
                  | {MR+} (You found it on level 12 of the Dungeon)
 13225 | D:12     | Reached skill level 10 in Evocations
 13372 | D:12     | Noticed a purple ugly thing
 13383 | D:12     | Killed a purple ugly thing
 13510 | D:12     | Noticed a boulder beetle
 13520 | D:12     | Slain by a boulder beetle

Illustrated notes

Levels and vault maps discovered:
D:1:      lordsloth_arrival_two_stooges, layout_rooms, kennysheep_small_spiral
D:2:      layout_loops_ring, uniq_jessica, uniq_terence, uniq_natasha
D:3:      layout_basic, uniq_grinder
D:4:      layout_rooms, grunt_temple_overflow_forces_of_nature, tgw_sif,
          elyvilon_altar_3
D:5:      kennysheep_kobold_camp, layout_layer_cave, minmay_temple_entry_wispy,
          serial_shops, shop, lexackson_kobold_supper, uniq_sigmund
D:6:      layout_basic, kennysheep_little_box, lemuel_doored_altar,
          serial_curves, eino_curves_01, eino_curves_04, serial_shops,
          nicolae_shop_behind_doors
D:7:      layout_loops_corners
D:8:      layout_cave_pods, kennysheep_ying_yang,
          gammafunk_temple_overflow_elements
D:9:      layout_basic, kennysheep_mini_moat
D:10:     layout_cave_pods, david_orc_2, minmay_between
D:11:     layout_stronghold, due_lair_maze_entry_diamond
D:12:     layout_stronghold
Temple:   nicolae_temple_x_marks_the_god

Skill      XL: |  1  2  3  4  5  6  7  8  9 10 11 |
---------------+----------------------------------+-----
Earth Magic    | 4 5 7 8 12 | 12.0
Dodging        | 2 3 4 |  4.7
Spellcasting   | 3 4 |  4.6
Short Blades   | 1 |  1.3
Long Blades    | 1 3 4 |  4.3
Transmutations | 3 4 |  4.0
Conjurations   | 1 2 |  2.6
Evocations     | 6 10 | 10.5
Stealth        | |  2.5

Action                   |  1- 3 |  4- 6 |  7- 9 | 10-12 || total
-------------------------+-------+-------+-------+-------++-------
Melee: Unarmed           |     1 |       |       |       ||     1
       Dagger            |    21 |       |       |       ||    21
       Short sword       |       |    98 |    24 |       ||   122
       Katana            |       |       |   118 |   156 ||   274
 Cast: Sandblast         |    36 |     4 |    81 |   106 ||   227
       Passwall          |       |       |     4 |       ||     4
       Stone Arrow       |       |       |    26 |    40 ||    66
       Lee's Rapid Decon |       |       |     5 |     8 ||    13
  Use: Scroll            |       |       |    15 |     3 ||    18
       Potion            |       |       |     1 |     1 ||     2
 Stab: Sleeping          |       |     2 |     1 |     2 ||     5
Armor: Robe              |    12 |    35 |    81 |    55 ||   183
Dodge: Dodged            |    19 |    55 |   109 |   152 ||   335
       Rpst.: Katana     |       |       |    19 |    46 ||    65

Table legend: (Time is in decaauts)
 A = Elapsed time spent in this place.
 B = Non-inter-level travel time spent in this place.
 C = Inter-level travel time spent in this place.
 D = Time resting spent in this place.
 E = Time spent auto-exploring this place.
 F = Levels seen in this place.
 G = Mean time per level.
                   A        B        C        D        E       F      G
               +--------+--------+--------+--------+--------+-----+--------+
         Total |  13540 |  13402 |    138 |      0 |   9009 |  13 | 1041.5 |
       Dungeon |  13514 |  13376 |    138 |      0 |   9009 |  12 | 1126.2 |
        Temple |     26 |     26 |      0 |      0 |      0 |   1 |   26.0 |
               +--------+--------+--------+--------+--------+-----+--------+

Top non-repeatable levels by time:
     D:5: 1926 daAuts
    D:11: 1579 daAuts
     D:7: 1342 daAuts
     D:2: 1317 daAuts
    D:10: 1272 daAuts
     D:9: 1096 daAuts
     D:8: 1025 daAuts
     D:4: 1023 daAuts
     D:6: 984 daAuts
     D:3: 858 daAuts
     D:1: 647 daAuts
    D:12: 440 daAuts
  Temple: 26 daAuts
